 Dungeon Crawl Stone Soup version 0.17.1-1-g73c8601 (webtiles) character file.

764 alsnapz the Shield-Bearer (level 7, -4/61 HPs)
             Began as a Minotaur Fighter on Dec 16, 2015.
             Was a Follower of Okawaru.
             Killed by divine providence
             ... invoked by an orc priest
              (14 damage)
             ... on level 5 of the Dungeon.
             The game lasted 00:05:51 (2945 turns).

alsnapz the Shield-Bearer (Minotaur Fighter)        Turns: 2945, Time: 00:05:51

Health: -4/61      AC:  7    Str: 23    XL:     7   Next: 51%
Magic:  6/6        EV:  9    Int:  3    God:    Okawaru [*.....]
Gold:   139        SH: 10    Dex:  9    Spells: 0 memorised, 6 levels left

rFire  . . .     SeeInvis .     a - +2 war axe (curse)
rCold  . . .     Rnd*Rage +     b - +0 scale mail (curse)
rNeg   . . .     SustAt   +     c - +0 shield (curse)
rPois  .         Gourm    .     (helmet restricted)
rElec  .         Spirit   .     (no cloak)
rCorr  .         Warding  .     (no gloves)
rMut   .         Stasis   .     (no boots)
MR     .....                    (no amulet)
Stlth  ..........               (no ring)
                                l - ring of sustain attributes (curse)

@: very slow, not resistant to hostile enchantments, extremely unstealthy
A: retaliatory headbutt, horns 2, berserk 1, blurry vision 1, dopey 1
a: Heroism, Renounce Religion


You were on level 5 of the Dungeon.
You worshipped Okawaru.
Okawaru was aware of your devotion.
You were not hungry.

You visited 1 branch of the dungeon, and saw 5 of its levels.

You collected 139 gold pieces.

Inventory:

Hand Weapons
 a - a cursed +2 war axe (weapon)
 h - a cursed +0 blowgun
Missiles
 g - 4 curare-tipped needles
Armour
 b - a cursed +0 scale mail (worn)
 c - a cursed +0 shield (worn)
Jewellery
 l - a cursed ring of sustain attributes (left hand)
Wands
 k - a wand of draining (10)
Scrolls
 j - a scroll of noise {unknown}
 o - 4 scrolls of identify
 q - 2 scrolls of remove curse
 s - a scroll of teleportation {unknown}
 t - a scroll of enchant armour {unknown}
 w - a scroll of amnesia {unknown}
Potions
 d - a potion of might
 f - a potion of ambrosia {unknown}
 i - a potion of curing
 m - 2 potions of heal wounds
 p - a potion of berserk rage {unknown}
 r - a potion of agility {unknown}
 u - a potion of haste {unknown}
 v - a potion of mutation {unknown}
Comestibles
 e - 2 bread rations
 n - 2 meat rations


   Skills:
 + Level 5.5 Fighting
 + Level 4.3 Axes
 + Level 5.9 Armour
 + Level 3.4 Dodging
 + Level 0.5 Stealth
 + Level 6.4 Shields


You had 6 spell levels left.
You didn't know any spells.

Dungeon Overview and Level Annotations

Branches:
Dungeon (5/15)
 Temple: D:4-7

Altars:
Ashenzari
Cheibriados
Dithmenos
Nemelex Xobeh
Okawaru
The Shining One


Innate Abilities, Weirdness & Mutations

You reflexively headbutt those who attack you in melee.
You have a pair of horns on your head.
You tend to lose your temper in combat.
Scrolls take you a little longer to read.
You are dopey. (Int -2)


Message History

* * * LOW HITPOINT WARNING * * *
The orc priest calls down the wrath of Beogh upon you.
You struggle to resist.
You barely miss the orc priest.
The orc priest is severely wounded.
The orc priest miscasts a cantrip.
The orc priest calls upon Beogh to heal the orc priest.
The orc priest is healed somewhat.
You hit the orc priest.
The orc priest is heavily wounded.
The orc priest barely misses you. You block the orc priest's attack.
You closely miss the orc priest.
The orc priest is heavily wounded.
The orc priest hits you but does no damage.
You closely miss the orc priest. You headbutt the orc priest!
You kill the orc priest!
Okawaru accepts your kill.
The orc priest mumbles some strange prayers to Beogh against you.
Something smites you!
You die...

#.#.#
#.#.#
#.#.#
#.#.#
#.#.#
#####.#.#
#.....).#
#.###.###
#@# #<#
#)# ###
#o# #o#
#.# #.#
#.. ###


You could see 2 orc priests.

Vanquished Creatures
  The ghost of alsnapz the Ducker, an amateur DrGl (D:4)
  A sky beast (D:4)
  An ogre (D:4)
  A centaur (D:4)
  2 orc priests (D:5)
  2 worker ants
  3 orc wizards (D:4)
  2 iguanas (D:4)
  4 adders
  A giant gecko (D:1)
  12 orcs
  4 giant cockroaches
  4 goblins
  9 hobgoblins
  12 jackals
  11 kobolds
  2 ball pythons
  3 bats
  4 giant newts
  4 quokkas
  6 rats
  A bush (D:3)
90 creatures vanquished.

Notes
Turn   | Place    | Note
--------------------------------------------------------------
     0 | D:1      | alsnapz the Minotaur Fighter began the quest for the Orb.
     0 | D:1      | Reached XP level 1. HP: 19/19 MP: 0/0
   136 | D:1      | Reached XP level 2. HP: 27/27 MP: 1/1
   185 | D:1      | Reached skill level 4 in Fighting
   537 | D:2      | Found a shadowy altar of Dithmenos.
   587 | D:2      | Reached XP level 3. HP: 33/33 MP: 2/2
   614 | D:2      | Reached skill level 1 in Dodging
   743 | D:2      | Found a snail-covered altar of Cheibriados.
   753 | D:2      | Became a worshipper of Cheibriados the Contemplative
  1076 | D:3      | Reached XP level 4. HP: 40/40 MP: 3/3
  1174 | D:3      | Reached * piety under Cheibriados
  1568 | D:3      | Found a sparkling altar of Nemelex Xobeh.
  1568 | D:3      | Found an iron altar of Okawaru.
  1568 | D:3      | Found a glowing golden altar of the Shining One.
  1593 | D:3      | Fell from the grace of Cheibriados
  1593 | D:3      | Became a worshipper of Warmaster Okawaru
  1628 | D:4      | Found a shattered altar of Ashenzari.
  1633 | D:4      | Noticed alsnapz's ghost (amateur DrGl)
  1728 | D:4      | Noticed an ogre
  1732 | D:4      | Killed an ogre
  1732 | D:4      | Reached skill level 5 in Shields
  1732 | D:4      | Reached XP level 5. HP: 47/47 MP: 4/4
  1772 | D:4      | Reached skill level 5 in Armour
  1791 | D:4      | Reached XP level 6. HP: 36/53 MP: 5/5
  1873 | D:4      | Noticed a centaur
  1881 | D:4      | Killed a centaur
  1889 | D:4      | Noticed a sky beast
  1898 | D:4      | Killed a sky beast
  1898 | D:4      | Reached * piety under Okawaru
  1898 | D:4      | Reached skill level 6 in Shields
  1936 | D:4      | Gained mutation: You tend to lose your temper in combat. [mutagenic meat]
  1937 | D:4      | Gained mutation: Scrolls take you a little longer to read. [mutagenic meat]
  1938 | D:4      | Gained mutation: You are dopey. (Int -2) [mutagenic meat]
  2143 | D:4      | Reached skill level 5 in Fighting
  2343 | D:4      | Killed alsnapz's ghost
  2343 | D:4      | Reached XP level 7. HP: 17/61 MP: 6/6
  2851 | D:5      | Entered Level 5 of the Dungeon
  2945 | D:5      | Killed from afar by an orc priest

Action                   |  1- 3 |  4- 6 |  7- 9 || total
-------------------------+-------+-------+-------++-------
Melee: War axe           |   100 |   142 |    24 ||   266
  Use: Scroll            |     7 |       |       ||     7
  Eat: Chunk             |     1 |     6 |       ||     7
       Bread ration      |       |       |     1 ||     1
